 Dungeon Crawl Stone Soup version 0.31.0-11-ge490571c62 (webtiles) character file.

Game seed: 1946048314284619923

191 qw the Shooter (level 5, -2/26 HPs)
             Began as a Spriggan Hunter on Feb 4, 2024.
             Slain by a crocodile (10 damage)
             ... in a sewer.
             The game lasted 00:00:07 (1395 turns).

qw the Shooter (Spriggan Hunter)                    Turns: 1395, Time: 00:00:08

Health: -2/26      AC:  4    Str:  7    XL:     5   Next: 42%
Magic:  0/6        EV: 20    Int: 11    God:
Gold:   82         SH:  0    Dex: 20    Spells: 4/4 levels left

rFire   . . .        a - +3 shortbow
rCold   . . .        (shield currently unavailable)
rNeg    . . .        c - +0 robe
rPois   .            (helmet restricted)
rElec   .            i - +1 cloak
rCorr   .            (gloves unavailable)
SInv    +            (boots unavailable)
Will    .....        f - amulet of guardian spirit
Stlth   ++           (no ring)
HPRegen 0.24/turn    (no ring)
MPRegen 0.10/turn

%: guardian spirit
@: very quick
A: very small, no large weapons, unfitting armour, see invisible, speed 3
a: no special abilities


You were in a sewer.
You visited 1 branch of the dungeon, and saw 3 of its levels.
You also visited: Sewer.

You collected 82 gold pieces.


Innate Abilities, Weirdness & Mutations

You are very small and have problems with some larger weapons.
You are too small for most types of armour.
You have supernaturally acute eyesight. (SInv)
You cover ground extremely quickly. (Speed+++)


   Skills:
 - Level 2.0 Fighting
 + Level 5.7 Ranged Weapons
 - Level 5.0 Dodging
 - Level 1.5 Stealth


You had 4 spell levels left.
You didn't know any spells.
Your spell library was empty.

Inventory:

Hand Weapons
 a - a +3 shortbow (weapon)
Armour
 c - a +0 robe (worn)
 i - a +1 cloak (worn)
Jewellery
 f - an amulet of guardian spirit (around neck)
Potions
 b - a potion of enlightenment
 e - a potion of curing {unknown}

Dungeon Overview and Level Annotations

Branches:
Dungeon (3/15)              Sewer (1/1)

Altars:


Message History

Found a gate leading back out of this place.
There is an empty arch of ancient stone here.
Waypoint 3 assigned to Sewer.
You enter the shallow water.
Moving in this stuff is going to be slow.
A rat comes into view.
You shoot an arrow. The arrow barely misses the rat.
You shoot an arrow. The arrow hits the rat!
You kill the rat!
You see here a rat corpse.
A crocodile comes into view.
You shoot an arrow.
The arrow hits the crocodile but does no damage.
You shoot an arrow. The arrow closely misses the crocodile.
You shoot an arrow. The arrow closely misses the crocodile.
The crocodile hisses menacingly.
You shoot an arrow. The arrow hits the crocodile.
The crocodile is lightly wounded.
You shoot an arrow. The arrow closely misses the crocodile.
You shoot an arrow. The arrow hits the crocodile.
The crocodile is moderately wounded.
The crocodile bites you! The crocodile drags you backwards!
You shoot an arrow. The arrow closely misses the crocodile.
The crocodile completely misses you.
You shoot an arrow. The arrow closely misses the crocodile.
The crocodile bites you!
Ouch! That really hurt!
The crocodile drags you backwards!
1392 ||| DRINKING potion of heal wounds.
You feel much better. The crocodile bites you!
The crocodile drags you backwards!
You shoot an arrow. The arrow closely misses the crocodile.
The crocodile bites you!
You shoot an arrow.
The arrow hits the crocodile but does no damage.
The crocodile is lightly wounded.
The crocodile misses you.
You shoot an arrow. The arrow closely misses the crocodile.
The crocodile bites you!
You die...

###################
#\\~~~~..%......@l#
###~~~.########~..#
##~.## #~~....#
#### ########


You could see a crocodile.

Vanquished Creatures
  Terence (D:3)
  An orc wizard (D:3)
  3 gnolls (D:3)
  4 adders
  2 dart slugs (D:1)
  4 orcs
  6 endoplasms
  5 giant cockroaches
  6 goblins
  6 hobgoblins
  2 quokkas
  9 ball pythons
  6 bats
  2 frilled lizards (D:1)
  6 kobolds
  4 rats
67 creatures vanquished.

Notes
Turn   | Place    | Note
-------+----------+-------------------------------------------
     0 | D:1      | qw the Spriggan Hunter began the quest for the Orb.
     0 | D:1      | Reached XP level 1. HP: 10/10 MP: 2/2
     0 | D:1      | 0 ||| qw: Version: 0.3-a-160-g6735b56
     0 | D:1      | 0 ||| qw: Game counter: 5068
     0 | D:1      | 0 ||| qw: Melee chars always use a shield: true
     0 | D:1      | 0 ||| qw: God list: Okawaru
     0 | D:1      | 0 ||| qw: Allow faded altars: false
     0 | D:1      | 0 ||| qw: Do Orc after clearing Dungeon:15 true
     0 | D:1      | 0 ||| qw: Do second Lair branch before Depths: true
     0 | D:1      | 0 ||| qw: Lair rune preference: random
     0 | D:1      | 0 ||| qw: Goals: Normal
     0 | D:1      | 0 ||| PLANNING D:1-11
    16 | D:1      | Reached skill level 3 in Dodging
    64 | D:1      | Reached XP level 2. HP: 14/14 MP: 3/3
   315 | D:1      | Reached XP level 3. HP: 18/18 MP: 4/4
   577 | D:1      | 577 ||| UPGRADING to amulet of guardian spirit.
   582 | D:1      | 582 ||| READING scroll labelled REOTTA SUUNEM.
   583 | D:1      | 583 ||| READING 2 scrolls labelled VITE MIWKOASEI.
   583 | D:1      | 583 ||| ENCHANTING +0 shortbow.
   584 | D:1      | 584 ||| READING scroll of enchant weapon.
   584 | D:1      | 584 ||| ENCHANTING +1 shortbow.
   585 | D:1      | 585 ||| DROPPING scroll of butterflies.
   838 | D:2      | Found the +8 Vampire's Tooth {megavamp}
   858 | D:2      | 858 ||| READING scroll of enchant weapon.
   858 | D:2      | 858 ||| ENCHANTING +2 shortbow.
   996 | D:2      | Found a faded altar of an unknown god.
  1011 | D:2      | 1011 ||| UPGRADING to +0 cloak.
  1016 | D:2      | 1016 ||| READING scroll labelled KEELAI NEZI.
  1016 | D:2      | 1016 ||| ENCHANTING +0 cloak.
  1017 | D:2      | 1017 ||| READING scroll labelled COHEFI SONES.
  1018 | D:2      | 1018 ||| READING 2 scrolls labelled NATI HEUWEODEI.
  1018 | D:2      | 1018 ||| IDENTIFYING brown potion
  1019 | D:2      | 1019 ||| READING scroll of identify.
  1019 | D:2      | 1019 ||| IDENTIFYING bubbling clear potion
  1052 | D:3      | 1052 ||| PLANNING SEWER
  1055 | D:3      | 1055 ||| STAIRDANCE
  1060 | D:3      | 1060 ||| STAIRDANCE
  1065 | D:2      | Reached XP level 4. HP: 22/22 MP: 5/5
  1067 | D:3      | 1067 ||| STAIRDANCE
  1108 | D:3      | Identified the +5 whip of Fevveuff {flame, +Blink rN+ rCorr
                  | Stlth+}
  1243 | D:3      | Noticed Terence
  1255 | D:3      | Reached XP level 5. HP: 21/26 MP: 6/6
  1264 | D:3      | Killed Terence
  1282 | D:3      | 1282 ||| FLEEEEING.
  1283 | D:3      | 1283 ||| FLEEEEING.
  1284 | D:3      | 1284 ||| FLEEEEING.
  1286 | D:3      | 1286 ||| FLEEEEING.
  1356 | D:3      | Found a glowing drain.
  1370 | Sewer    | Entered a sewer
  1383 | Sewer    | Noticed a crocodile
  1391 | Sewer    | HP: 5/26 [crocodile (13)]
  1392 | Sewer    | 1392 ||| DRINKING potion of heal wounds.
  1395 | Sewer    | Slain by a crocodile

Levels and vault maps discovered:
D:1:      lightli_arrival_noodles, layout_basic
D:2:      layout_basic, dreamdust_ecumenical_altar_hidden_monk_grotto
D:3:      layout_basic, portal_sewer_entry_a, uniq_terence
Sewer:    sewer_sea

Skill      XL: |  1  2  3  4 |
---------------+-------------+-----
Dodging        | 3 4 5 |  5.0
Ranged Weapons | 5 |  5.7
Fighting       | 2 |  2.0
Stealth        | |  1.5

Action                     |  1- 3 |  4- 6 || total
---------------------------+-------+-------++-------
   Fire: Shortbow          |   113 |    79 ||   192
    Use: Scroll            |     8 |       ||     8
         Potion            |       |     1 ||     1
 Armour: Robe              |     8 |    12 ||    20
  Dodge: Dodged            |    30 |    34 ||    64

Table legend:
 A = Non-vault XP
 B = Vault XP
 C = Vault XP percentage of total XP
 D = Non-vault monster count
 E = Vault monster count
 F = Vault count percentage of total count
                 A         B        C        D         E       F
            +---------+---------+-------+---------+---------+-------
      Total |     230 |      44 |  16.1 |      60 |       7 |  10.4
            +---------+---------+-------+---------+---------+-------
        D:1 |      46 |       0 |   0.0 |      27 |       0 |   0.0
        D:2 |      51 |       0 |   0.0 |      19 |       0 |   0.0
        D:3 |     133 |      43 |  24.4 |      14 |       6 |  30.0
      Sewer |       0 |       1 | 100.0 |       0 |       1 | 100.0
            +---------+---------+-------+---------+---------+-------
